AoeStats
← KabaH4iK

Nomad

510511369Analyzed
4v4 RM · 13h ago on Oct 1, 2026· 71m 57s· 8 players
Game mode
Random Map
Map size
231×231
Population
200
Speed
Normal
Resources
Standard
Victory
Conquest
Starting age
Dark Age
Ending age
Imperial Age
RankedLock teamsTeams togetherTeam positionsShared explorationLock speedFull tech treeHidden civsTurbo modeCheats
Victory
Defeat
🇺🇦 Mongols · Ukraine
1024
+15
🇹🇷 Persians · Türkiye
1008
+15
🇩🇪 Tupi · Germany
983
+16
🇨🇭 Saxons · Switzerland
972
+17
🇨🇳 Slavs · China
1062
-18
1023
-17
🇦🇺 Bengalis · Australia
1011
-17
🇫🇷 Japanese · France
872
-11
the naked man
5:42 Loom
17:35 Feudal Age
18:54 Fishing Lines
22:50 Forging
24:56 Double-Bit Axe
27:14 Castle Age
28:12 Wheelbarrow
27:23 Town Watch
28:54 Bow Saw
28:59 Arson
29:15 Squires
29:01 Gambesons
29:43 Horse Collar
30:04 Gillnets
33:08 Medium Warships
33:02 Fletching
33:40 Heavy Plow
35:13 Iron Casting
36:50 Bodkin Arrow
37:23 Hand Cart
41:32 Imperial Age
39:43 Ballistics
42:03 Gold Mining
42:03 Stone Mining
42:45 Crop Rotation
42:46 Heavy Warships
41:42 Elite Longship
42:53 Town Patrol
44:14 Shipwright
44:35 Cranequins
45:21 Thumb Ring
45:54 Bloodlines
45:45 Husbandry
45:57 Siege Engineers
46:56 Chemistry
46:07 Careening
46:59 Bracer
47:00 Padded Archer Armor
48:02 Conscription
48:18 Hoardings
47:24 Elite Hearth Troop
50:59 Two-Man Saw
49:32 Shield Wall
50:16 Scale Mail Armor
51:52 Heavy Mounted Crossbowman
53:43 Chain Mail Armor
53:44 Leather Archer Armor
56:38 Siege Engineers
56:29 Murder Holes
56:57 Dry Dock
58:19 Elite Varangian Guard
67:06 Gold Shaft Mining
66:16 Treadmill Crane
66:46 Masonry
66:48 Fortified Wall
66:44 Siphons
67:14 Plate Mail Armor
67:15 Ring Archer Armor
Wurzelsepp
5:01 Loom
16:15 Feudal Age
17:17 Double-Bit Axe
17:17 Horse Collar
18:33 Champi Runner
20:06 Scale Mail Armor
25:37 Castle Age
24:51 Forging
25:17 Arson
26:39 Bow Saw
25:59 Champi Warrior
27:02 Chain Mail Armor
27:11 Squires
28:44 Iron Casting
32:41 Heavy Plow
35:12 Wheelbarrow
34:36 Gold Mining
34:39 Stone Mining
34:58 Town Watch
37:51 Hand Cart
38:22 Fletching
38:25 Gold Mining
38:41 Padded Archer Armor
38:08 Pikeman
42:48 Imperial Age
41:17 Caciques
41:48 Herbal Medicine
42:54 Elite Champi Warrior
44:06 Plate Mail Armor
44:04 Conscription
45:12 Bodkin Arrow
47:45 Ballistics
47:27 Bracer
48:37 Curare
50:29 Leather Archer Armor
50:52 Elite Blackwood Archer
53:43 Hoardings
54:11 Chemistry
53:45 Ring Archer Armor
53:59 Elite Skirmisher
54:49 Treadmill Crane
58:52 Caravan
67:36 Sappers
68:57 Town Patrol
KabaH4iK
14:02 Feudal Age
14:29 Double-Bit Axe
15:57 Horse Collar
18:30 Gold Mining
21:05 Castle Age
20:47 Forging
20:51 Bloodlines
22:37 Iron Casting
22:37 Scale Barding Armor
24:35 Wheelbarrow
25:27 Husbandry
27:26 Gold Shaft Mining
27:56 Chain Barding Armor
31:46 Hand Cart
32:33 Heavy Plow
33:17 Bow Saw
33:30 Loom
41:27 Imperial Age
50:03 Elite Steppe Lancer
51:59 Blast Furnace
52:47 Conscription
52:32 Nomads
57:35 Onager
60:20 Siege Onager
Jewish MasterMind
3:28 Loom
14:15 Feudal Age
16:17 Fletching
18:47 Castle Age
18:09 Stone Mining
18:39 Town Watch
18:42 Horse Collar
19:30 Double-Bit Axe
28:47 Scale Barding Armor
34:50 Chain Barding Armor
34:42 Forging
36:16 Heavy Plow
37:55 Wheelbarrow
38:16 Iron Casting
38:41 Bow Saw
39:54 Hand Cart
40:31 Fervor
43:25 Imperial Age
42:11 Stone Shaft Mining
41:29 Gold Mining
44:04 Town Patrol
44:44 Conscription
44:42 Citadels
44:37 Kamandaran
45:21 Crop Rotation
45:29 Plate Barding Armor
45:56 Blast Furnace
45:59 Two-Man Saw
45:38 Gold Shaft Mining
45:35 Husbandry
45:48 Bloodlines
46:11 Cavalier
47:28 Ballistics
47:52 Bodkin Arrow
48:26 Padded Archer Armor
49:57 Chemistry
48:53 Murder Holes
49:08 Masonry
49:32 Thumb Ring
49:02 Crossbowman
53:59 Leather Archer Armor
53:35 Elite War Elephant
55:06 Elite Skirmisher
58:20 Hoardings
57:54 Onager
66:01 Architecture
67:55 Light Cavalry
mh253500
4:42 Loom
17:08 Feudal Age
21:37 Castle Age
20:17 Double-Bit Axe
20:14 Horse Collar
21:31 Stone Mining
22:53 Heavy Plow
27:59 Wheelbarrow
28:04 Town Watch
33:19 Imperial Age
30:47 Man-at-Arms
31:40 Forging
31:50 Gold Mining
31:59 Long Swordsman
32:40 Squires
32:01 Pikeman
33:10 Scale Mail Armor
33:45 Iron Casting
33:28 Two-Handed Swordsman
34:32 Halberdier
35:43 Halberdier
35:43 Champion
38:18 Conscription
40:03 Chain Mail Armor
41:30 Blast Furnace
49:37 Druzhina
52:45 Bow Saw
53:09 Crop Rotation
54:19 Elite Skirmisher
55:33 Hand Cart
60:18 Plate Mail Armor
F-I-R-O
3:55 Loom
14:46 Feudal Age
14:52 Feudal Age
19:52 Castle Age
35:26 Scale Mail Armor
40:24 Horse Collar
40:39 Double-Bit Axe
43:51 Chain Mail Armor
44:28 Forging
52:47 Imperial Age
50:03 Town Watch
51:23 Wheelbarrow
52:54 Hand Cart
52:39 Town Patrol
52:54 Elite Samurai
54:03 Bow Saw
54:29 Gold Mining
55:43 Two-Man Saw
56:04 Conscription
57:26 Iron Casting
58:23 Plate Mail Armor
58:21 Elite Skirmisher
59:07 Thumb Ring
60:21 Ballistics
richnoob575
15:28 Feudal Age
19:40 Castle Age
18:57 Fishing Lines
21:09 Fletching
21:37 Gillnets
21:45 Double-Bit Axe
24:02 Padded Archer Armor
24:19 Crossbowman
25:14 Bodkin Arrow
25:56 Leather Archer Armor
26:22 Pikeman
26:59 Horse Collar
27:34 Bow Saw
28:00 Scale Mail Armor
33:04 Medium Warships
36:13 Paiks
36:31 Loom
37:21 Wheelbarrow
40:31 Imperial Age
38:58 Hand Cart
38:28 Town Watch
40:27 Town Patrol
42:04 Gold Mining
41:42 Siege Elephant
42:04 Halberdier
44:07 Two-Man Saw
43:19 Bracer
43:19 Elite Elephant Archer
45:07 Ballistics
46:57 Heavy Plow
47:36 Chain Mail Armor
47:32 Forging
49:53 Ring Archer Armor
49:40 Siege Engineers
50:35 Chemistry
52:24 Fortified Wall
54:22 Heated Shot
54:45 Masonry
55:38 Conscription
56:21 Murder Holes
Frank Drebin, Police Squad!
7:42 Loom
14:28 Feudal Age
15:07 Stone Mining
15:10 Town Watch
18:10 Double-Bit Axe
18:10 Fishing Lines
22:23 Horse Collar
31:15 Castle Age
32:39 Wheelbarrow
34:15 Gold Mining
38:33 Padded Archer Armor
38:31 Fletching
40:03 Bow Saw
40:09 Heavy Plow
40:30 Bow Saw
40:22 Heavy Plow
41:13 Hand Cart
46:38 Imperial Age
45:28 Circumnavigation
47:40 Conscription
49:25 Heavy Plow
49:51 Town Patrol
51:38 Bow Saw
52:22 Elite Skirmisher
52:22 Crossbowman
53:07 Thumb Ring
54:32 Fortified Wall
55:23 Chemistry
54:43 Ballistics
56:25 Two-Man Saw
55:39 Bodkin Arrow
55:44 Padded Archer Armor
57:07 Bracer
57:22 Leather Archer Armor
57:25 Masonry
59:10 Bloodlines
59:01 Husbandry
60:19 Ring Archer Armor
60:57 Guilds
61:33 Stone Shaft Mining
60:44 Arbalester
Connection lost

Rejoining the realm…

Still unreachable

The connection could not be restored.

Session expired

The server has moved on; the page needs a fresh start.